 Dungeon Crawl Stone Soup version 0.22-a0-3-g4fa69d9a97 (webtiles) character file.

0 Manul the Ducker (level 1, -8/11 HPs)
             Began as a Spriggan Abyssal Knight on Jan 1, 2018.
             Was a Follower of Lugonu.
             Mangled by a thrashing horror (9 damage)
             ... on level 3 of the Abyss.
             The game lasted 00:01:39 (405 turns).

Manul the Ducker (Spriggan Abyssal Knight)           Turns: 405, Time: 00:01:39

Health: -8/11      AC:  3    Str:  8    XL:     1   Next: 0%
Magic:  3/3        EV: 18    Int: 13    God:    Lugonu [*.....]
Gold:   69         SH:  0    Dex: 15    Spells: 0/0 levels left

rFire    . . .     SeeInvis +   a - +1 short sword
rCold    . . .     Gourm    .   (shield restricted)
rNeg     . . .     Faith    .   b - +0 robe
rPois    .         Spirit   .   (helmet restricted)
rElec    .         Reflect  .   h - +0 cloak
rCorr    .         Harm     .   (gloves unavailable)
MR       .....                  (boots unavailable)
Stlth    +.........             (no amulet)
HPRegen  0.03/turn              (no ring)
MPRegen  0.08/turn              (no ring)

@: very quick
A: very small, unfitting armour, see invisible, herbivore, speed 3, slow
metabolism 2
a: Depart the Abyss, Renounce Religion


You were on level 3 of the Abyss.
You worshipped Lugonu.
Lugonu was aware of your devotion.
You were not hungry.

You visited 0 branches of the dungeon, and saw 0 of its levels.
You visited the Abyss 1 time.

You collected 69 gold pieces.

Inventory:

Hand Weapons
 a - a +1 short sword (weapon)
Armour
 b - a +0 robe (worn)
 h - a +0 cloak (worn)
Wands
 g - a wand of flame (16)
Scrolls
 e - a scroll of enchant weapon
 f - a scroll of teleportation {unknown}
Comestibles
 c - a ration


   Skills:
 + Level 2.4 Fighting
 + Level 2.1 Short Blades
 + Level 3.5 Dodging
 + Level 1.7 Invocations


You couldn't memorise any spells.
You didn't know any spells.

Dungeon Overview and Level Annotations

Branches:
Dungeon (0/15)

Altars:


Innate Abilities, Weirdness & Mutations

You are very small and have problems with some larger weapons.
You are too small for most types of armour.
You have supernaturally acute eyesight. (SInv)
You are a herbivore.
You cover ground extremely quickly.
You need consume almost no food.


Message History

A thrashing horror comes into view.
The thrashing horror roars!
You hear a roar!
The thrashing horror closely misses you.
The thrashing horror tramples you.
* * * LOW HITPOINT WARNING * * *
You stumble backwards!
Found 51 gold pieces.
Unknown command.
The thrashing horror closely misses you.
The thrashing horror barely misses you.
The thrashing horror roars!
The thrashing horror barely misses you.
The thrashing horror closely misses you.
The thrashing horror roars!
The thrashing horror misses you.
The thrashing horror completely misses you.
The thrashing horror roars!
The thrashing horror tramples you!
Ouch! That really hurt!
You die...

## #..##..#..#..
.##..#... . . #.##.....
#.. ..####. # . . ####.#
.(.(...#..## #. . .
.≈≈≈≈≈.########## # ...#
#. #.#≈≈≈≈...#..##. #.
.. # ≈.
♣≈≈≈....#..#.#.##.# #
≈≈≈≈#≈♣.....#.#..#.##...
≈≈≈≈ #≈......#.#........
≈≈≈≈≈.#...#.....@.#
≈≈.#...# #..##(X#..#
≈≈..##.#..#.##..###.#
≈#. #....#..(#.# # ≈ ...
.##......# ...#.
#.#.#### #..# #. ##. #
.$.. .. ..#.. ##


You could see a thrashing horror and 2 dancing weapons.

Vanquished Creatures (others)
  2 starspawn tentacles (Abyss:3)
2 creatures vanquished.

Notes
Turn   | Place    | Note
-------+----------+-------------------------------------------
     0 | Abyss:1  | Manul the Spriggan Abyssal Knight began the quest for the Orb.
     0 | Abyss:1  | Reached XP level 1. HP: 11/11 MP: 3/3
   122 | Abyss:2  | Noticed a ynoxinul
   146 | Abyss:2  | Noticed an ancient zyme
   221 | Abyss:3  | Noticed a flying skull
   222 | Abyss:3  | Noticed a flying skull
   239 | Abyss:3  | Noticed a rakshasa
   245 | Abyss:3  | Noticed a flying skull
   269 | Abyss:3  | Noticed a neqoxec
   339 | Abyss:3  | Noticed a long sword of holy wrath
   339 | Abyss:3  | Noticed an angel
   344 | Abyss:3  | Noticed a long sword of holy wrath
   348 | Abyss:3  | Noticed a neqoxec
   363 | Abyss:3  | Noticed a tentacled starspawn
   369 | Abyss:3  | Noticed a flayed ghost
   371 | Abyss:3  | Noticed a small abomination
   393 | Abyss:3  | Noticed a thrashing horror
   405 | Abyss:3  | Mangled by a thrashing horror

Vault maps used:
Abyss:3:  bh_abyss_xom_lugonu_altar

Action                   || total
-------------------------++-------
  Use: Scroll            ||     1
Dodge: Dodged            ||    12

Table legend:
 A = Spawn XP
 B = Non-spawn XP
 C = Spawn XP percentage of total XP
 D = Spawn monster count
 E = Non-spawn monster count
 F = Spawn count percentage of total count
 G = Total turns spent on level
                    A         B        C        D         E        F      G
               +---------+---------+-------+---------+---------+-------+---------
         Total |       0 |       0 |   N/A |       0 |       0 |   N/A |   405
               +---------+---------+-------+---------+---------+-------+---------
               +---------+---------+-------+---------+---------+-------+---------
